 Dungeon Crawl Stone Soup version 0.31.0-11-ge490571c62 (webtiles) character file.

Game seed: 8431160372906696787

228 Gadfly the Insei (level 5, -1/41 HPs)
             Began as a Demonspawn Monk on Feb 1, 2024.
             Slain by a lemure (5 damage)
             ... led by Pikel
             ... on level 3 of the Dungeon.
             The game lasted 00:03:55 (3950 turns).

Gadfly the Insei (Demonspawn Monk)                  Turns: 3950, Time: 00:03:55

Health: -1/41      AC:  5    Str: 13    XL:     5   Next: 71%
Magic:  5/5        EV: 18    Int: 15    God:
Gold:   114        SH:  0    Dex: 15    Spells: 4/4 levels left

rFire   . .          .
                       - Unarmed
rCold   . . .        c - orb {light}
rNeg    . . .        a - +1 robe
rPois   +            n - +0 helmet
rElec   .            (no cloak)
rCorr   .            e - +0 pair of gloves of the Shoals {Int+4}
SInv    .            (no boots)
Will    .....        (no amulet)
Stlth   +            m - ring of poison resistance
HPRegen 0.26/turn    p - +5 ring of evasion
MPRegen 0.09/turn

%: no passive effects
@: glowing
A: ignite blood 1, powered by death 1
a: no special abilities


You were on level 3 of the Dungeon.
You visited 1 branch of the dungeon, and saw 4 of its levels.

You collected 114 gold pieces.

Inventory:

Hand Weapons
 b - a +0 battleaxe of freezing
 q - a +3 short sword
Armour
 a - a +1 robe (worn)
 c - an orb of light (worn)
 e - the +0 pair of gloves of the Shoals (worn) {Int+4}
   (You found it on level 2 of the Dungeon)

   Int+4:     It affects your intelligence (+4).
 n - a +0 helmet (worn)
Jewellery
 m - a ring of poison resistance (left hand)
 p - a +5 ring of evasion (right hand)
Talismans
 k - a serpent talisman
Scrolls
 g - 2 scrolls of teleportation
 i - a scroll of fear
 l - a scroll of blinking
Potions
 d - a potion of curing
 f - a potion of resistance {unknown}
 h - a potion of mutation {unknown}
 j - 2 potions of lignification
 o - a potion of haste {unknown}


   Skills:
 - Level 3.0 Fighting
 + Level 3.4 Dodging
 * Level 3.9 Unarmed Combat
 * Level 2.6 Evocations
 * Level 2.2 Shapeshifting


You had 4 spell levels left.
You didn't know any spells.
Your spell library contained the following spells:

 Spells                   Type           Power      Damage    Failure   Level
 Slow                     Hex            0%         N/A       26%         1
 Confusing Touch          Hex            0%         N/A       63%         3
 Ozocubu's Armour         Ice            0%         N/A       63%         3
 Sigil of Binding         Hex            0%         N/A       63%         3
 Vampiric Draining        Necr           0%         2d6       63%         3
 Metabolic Englaciation   Hex/Ice        0%         N/A       100%        5
 Sculpt Simulacrum        Ice/Alch       0%         N/A       100%        6


Dungeon Overview and Level Annotations

Branches:
Dungeon (4/15)
 Temple: D:4-7

Altars:

Annotations:
D:4 Pikel


Innate Abilities, Weirdness & Mutations

Your demonic aura sometimes causes spilled blood to erupt in flames.
You regenerate a little health from kills.


Message History

You hit the lemure.
The lemure is lightly wounded.
The lemure hits you!
You hit the lemure.
The lemure is moderately wounded.
The lemure misses you.
You hit the lemure but do no damage.
The lemure is moderately wounded.
The lemure misses you.
You hit the lemure but do no damage.
The lemure is moderately wounded.
The lemure barely misses you.
You hit the lemure.
The lemure is moderately wounded.
You hit the lemure but do no damage.
The lemure is moderately wounded.
The lemure misses you.
You hit the lemure but do no damage.
The lemure is moderately wounded.
The lemure hits you.
* * * LOW HITPOINT WARNING * * *
You hit the lemure but do no damage.
The lemure is moderately wounded.
The lemure completely misses you.
You hit the lemure.
The lemure is heavily wounded.
The lemure completely misses you.
You hit the lemure.
The lemure is heavily wounded.
The lemure misses you.
You barely miss the lemure.
The lemure is heavily wounded.
The lemure hits you.
* * * LOW HITPOINT WARNING * * *
Okay, then.
The lemure attacks as it pursues you! The lemure hits you but does no damage.
You hit the lemure.
The lemure is severely wounded.
The lemure hits you.
You die...

# ##...## #<..# ###
######'######### #.###
..###..............# #.#
#.##........)......# #.#
#.##..####.........###.#
#.##..###..............#
...................#####
#.##..##...........#
#.##..####......@5.#
#.##.........#######
..##.######.##
####........# ##########


You could see a lemure.

Vanquished Creatures
  Blork the orc (D:4)
  A hound (D:4)
  3 gnolls
  3 adders
  2 dart slugs
  2 orcs (D:4)
  10 ball pythons
  3 endoplasms
  5 giant cockroaches
  6 goblins
  5 hobgoblins
  4 jackals (D:1)
  3 quokkas
  5 bats
  3 frilled lizards
  12 kobolds
  2 rats (D:1)
70 creatures vanquished.

Notes
Turn   | Place    | Note
-------+----------+-------------------------------------------
     0 | D:1      | Gadfly the Demonspawn Monk began the quest for the Orb.
     0 | D:1      | Reached XP level 1. HP: 18/18 MP: 1/1
   488 | D:1      | Gained mutation: Your demonic aura sometimes causes spilled
                  | blood to erupt in flames. [demonic ancestry]
   488 | D:1      | Reached XP level 2. HP: 5/24 MP: 2/2
   772 | D:1      | Reached skill level 1 in Evocations
   991 | D:1      | Found a faded altar of an unknown god.
  1005 | D:1      | Gained mutation: You regenerate a little health from kills.
                  | [demonic ancestry]
  1005 | D:1      | Reached XP level 3. HP: 25/29 MP: 3/3
  1470 | D:2      | Reached skill level 1 in Shapeshifting
  1503 | D:2      | Identified the +0 pair of gloves of the Shoals {Int+4}
  2746 | D:3      | Reached XP level 4. HP: 35/35 MP: 4/4
  3257 | D:4      | Noticed Blork the orc
  3274 | D:4      | Killed Blork the orc
  3275 | D:4      | Reached XP level 5. HP: 18/41 MP: 5/5
  3912 | D:4      | Noticed a lemure
  3913 | D:4      | Noticed Pikel
  3913 | D:4      | Noticed a lemure
  3914 | D:4      | Noticed a lemure
  3914 | D:4      | Noticed a lemure
  3950 | D:3      | Slain by a lemure

Illustrated notes

Levels and vault maps discovered:
D:1:      amcnicky_arrival_double_pillar, layout_loops_corners,
          ebering_ecumenical_altar_petrified, chequers_serial_rivers_small_3
D:2:      layout_loops_corners
D:3:      layout_loops_corners
D:4:      layout_layer_cave, dreamdust_divine_triumvirate,
          nicolae_shop_i_like_big_books, uniq_pikel, uniq_blork_the_orc

Skill      XL: |  1  2  3  4  5 |
---------------+----------------+-----
Unarmed Combat | 3 |  3.9
Evocations     | 1 2 |  2.6
Shapeshifting  | 1 2 |  2.2
Dodging        | 3 |  3.4
Fighting       | |  3.0

Action                     |  1- 3 |  4- 6 || total
---------------------------+-------+-------++-------
  Melee: Unarmed           |   162 |   102 ||   264
    Use: Scroll            |     9 |     2 ||    11
         Potion            |       |     1 ||     1
 Armour: Robe              |    96 |    70 ||   166
  Dodge: Dodged            |   111 |    86 ||   197
